Login

Texas Stars vs Manitoba Moose

Created - 13 April 2024 at 23:23

Goals
1 2 3 T
Texas Stars 0 0 2 2
Manitoba Moose 0 1 5 6
Shots
1 2 3 T
Texas Stars 0 3 16 19
Manitoba Moose 0 1 18 19

GoalsPenalties
1st period
No Goal
No Penalty
2nd period
1. Manitoba Moose , Saku Maenalanen 7 (Cole Perfetti 5, Ville Heinola 8) at 19:16 (PP)
Jeff Malott (MTB) for Roughing (Minor) at 12:29
Scott Reedy (TEX) for Cross-checking (Minor) at 19:02
3rd period
2. Manitoba Moose , Jeffrey Viel 5 (Cole Perfetti 6, Axel Jonsson-Fjallby 20) at 4:48
3. Manitoba Moose , Saku Maenalanen 8 (Cole Perfetti 7, Dominic Toninato 4) at 5:28
4. Manitoba Moose , Saku Maenalanen 9 (Lawrence Pilut 12) at 5:40
5. Texas Stars , Mavrik Bourque 11 (Wyatt Johnston 23, Riley Damiani 8) at 5:46
6. Manitoba Moose , Cole Perfetti 4 (Axel Jonsson-Fjallby 21, Jeffrey Viel 12) at 7:11
7. Texas Stars , Wyatt Johnston 10 (Jerad Rosburg 4) at 8:11
8. Manitoba Moose , Saku Maenalanen 10 (Brandon Gignac 2) at 8:21
Tyrel Bauer (MTB) for Fighting (Major) at 15:49
Mavrik Bourque (TEX) for Fighting (Major) at 15:49
Goalie Stats
Aaron Dell (TEX), 2 saves from 6 shots - (0.333), L, 8-8-1, 45:40 minutes
Matt 98 Murray (TEX), 11 saves from 13 shots - (0.846), 14:20 minutes
Collin Delia (MTB), 17 saves from 19 shots - (0.895), W, 6-4-4, 60:00 minutes
3 StarsOfficial
1 - Saku Maenalanen (MTB)
2 - Cole Perfetti (MTB)
3 - Jeffrey Viel (MTB)
Referees : Tom Chmielewski and Mike Campbell
Linesman : Justin Cornell and Brian Mach
Game Note
Saku Maenalanen has scored a Hat Trick!
Matt 98 Murray enters game at 5:40 of 3rd period
Mavrik Bourque beats up Tyrel Bauer at 15:49 of 3rd period
Finance
Level 1 -- Attendance: 1694 (84.70%) -- Ticket Income $59,290
Level 2 -- Attendance: 891 (89.10%) -- Ticket Income $13,365
Total Attendance: 2585 (86.17%)
Total Ticket Income: $72,655
Other Income: $35,601
Total Income: $108,256



Team Name Goals Shots Shots Attemp Shots Blocked PIM HIT PP PK FO%
Texas Stars 2193067170 / 1 (0%)164%
Manitoba Moose 6193257221 / 1 (100%)036%

Texas Stars
Player Name POS G A P +/- PIM HIT SHT SB MP PP MP PP SHT PK MP PK SHT FO% FOT GA TA
Aarne TalvitieC000000005:350:0900:0000% 000
Aaron NessD0000010017:080:0000:0000% 000
Alex GalchenyukC000-2031120:480:5100:14071% 700
Alex PetersD0000020017:511:0200:0000% 001
Antonio StrangesRW000-1010015:160:0000:0000% 100
Artem GrushnikovD000-3010122:570:0000:0000% 000
Fredrik KarlstromC000-1003016:120:5110:00075% 800
Jerad RosburgD011-3011224:551:0200:1400% 000
Joel HanleyD0000021019:390:5700:0000% 010
Josiah DidierD0000000117:300:5700:1400% 000
Josiah SlavinLW000-1001018:470:5100:0000% 010
Justin PearsonLW000000001:210:0000:0000% 000
Mavrik BourqueRW1010513019:300:5900:000100% 110
Nicholas CaamanoRW000000001:220:0000:0000% 000
Oskar BackC000-2021117:470:0000:00033% 900
Riley DamianiLW0110022020:540:5900:00050% 202
Scott ReedyC000-1200018:530:0900:0000% 000
Wyatt JohnstonC112-1016023:191:0800:14072% 2510
Manitoba Moose
Player Name POS G A P +/- PIM HIT SHT SB MP PP MP PP SHT PK MP PK SHT FO% FOT GA TA
Artemi KniazevD0001000014:200:0000:0000% 000
Axel Jonsson-FjallbyLW0222003017:560:0000:00038% 800
Brandon GignacLW0110010120:520:0000:2900% 000
Cole PerfettiLW1343032021:150:1401:0000% 121
Daniel TorgerssonLW0000010020:540:0000:00022% 2701
David GustafssonC0000011015:490:0000:350100% 100
Declan ChisholmD0001000115:080:0001:1100% 000
Dominic ToninatoC0111000018:210:1400:30060% 1000
Henri NikkanenC000000001:080:0000:0000% 000
Jeff MalottLW0000220015:040:0000:0000% 000
Jeffrey VielLW1122061118:020:0000:30050% 200
Kyle CapobiancoD000000004:260:0000:0000% 000
Lawrence PilutD0111011126:280:0001:1100% 000
Riley SheahanC000000000:000:0000:0000% 000
Saku MaenalanenRW4041018024:230:1410:54050% 411
Simon LundmarkD0001000019:580:1400:4800% 000
Tyrel BauerD000-1550021:460:0000:0000% 001
Ville HeinolaD0113013122:090:1400:4800% 000

Texas Stars

5 vs 5 Forward
Line #Left WingCenterRight WingPHYDFOFWanted %Time %Time Play
1Riley DamianiWyatt JohnstonMavrik Bourque1224036%20:57
2Josiah SlavinAlex GalchenyukScott Reedy1223031%17:56
3Oskar BackFredrik KarlstromAntonio Stranges1222027%15:34
4Wyatt JohnstonOskar BackAlex Galchenyuk122106%3:20
5 vs 5 Defense
Line #DefenseDefensePHYDFOFWanted %Time %Time Play
1Jerad RosburgArtem Grushnikov1224037%21:28
2Aaron NessJoel Hanley1223030%17:11
3Josiah DidierAlex Peters1222027%15:28
4Jerad RosburgJoel Hanley122106%3:40
Power Play Forward
Line #Left WingCenterRight WingPHYDFOFWanted %Time %Time Play
1Riley DamianiWyatt JohnstonMavrik Bourque1226057%1:08
2Josiah SlavinAlex GalchenyukFredrik Karlstrom1224043%0:51
Power Play Defense
Line #DefenseDefensePHYDFOFWanted %Time %Time Play
1Jerad RosburgAlex Peters1226052%1:02
2Josiah DidierJoel Hanley1224048%0:57
Penalty Kill 4 Players Forward
Line #CenterWingPHYDFOFWanted %Time %Time Play
1Wyatt JohnstonAlex Galchenyuk12260100%0:14
2Fredrik KarlstromMavrik Bourque122400%0:00
Penalty Kill 4 Players Defense
Line #DefenseDefensePHYDFOFWanted %Time %Time Play
1Josiah DidierJerad Rosburg12260100%0:14
2Alex PetersJoel Hanley122400%0:00
Penalty Kill 3 Players
Line #WingPHYDFOFWanted %Time %Time PlayDefenseDefensePHYDFOFWanted %Time %Time Play
1Wyatt Johnston122600%0:00 Jerad RosburgJosiah Didier122600%0:00
2Alex Galchenyuk122400%0:00 Alex PetersJoel Hanley122400%0:00
4 vs 4 Forward
Line #CenterWingPHYDFOFWanted %Time %Time Play
1Wyatt JohnstonAlex Galchenyuk122600%0:00
2Fredrik KarlstromMavrik Bourque122400%0:00
4 vs 4 Defense
Line #DefensePHYDFOFWanted %Time %Time Play
1Alex PetersJerad Rosburg122600%0:00
2Josiah DidierJoel Hanley122400%0:00
Last Minutes Offensive
Left WingCenterRight WingDefenseDefense
Riley DamianiWyatt JohnstonMavrik BourqueAlex PetersJoel Hanley
Last Minutes Defensive
Left WingCenterRight WingDefenseDefense
Riley DamianiWyatt JohnstonMavrik BourqueAlex PetersJoel Hanley
Time
Total ForwardTotal DefenseLast Minutes OffensiveLast Minutes Defensive
60:00 60:00 0:000:00
Extra Forwards
Normal PowerPlayPenalty Kill
Scott Reedy, Aarne Talvitie, Antonio StrangesScott Reedy, Aarne TalvitieAntonio Stranges
Extra Defensemen
Normal PowerPlayPenalty Kill
Josiah Didier, Alex Peters, Jerad RosburgJosiah Didier, Alex PetersJerad Rosburg
Penalty Shots
Wyatt Johnston, Alex Galchenyuk, Fredrik Karlstrom, Mavrik Bourque, Oskar Back
Goalie
Aaron Dell, Matt 98 Murray
Custom OT Lines Forwards
Wyatt Johnston, Alex Galchenyuk, Fredrik Karlstrom, Mavrik Bourque, Oskar Back, Scott Reedy, Riley Damiani, Aarne Talvitie, Antonio Stranges, Josiah Slavin
Custom OT Lines Defensemen
Alex Peters, Jerad Rosburg, Aaron Ness, Joel Hanley, Josiah Didier
Scratches
Remi Poirier (Healthy)

Manitoba Moose

5 vs 5 Forward
Line #Left WingCenterRight WingPHYDFOFWanted %Time %Time Play
1Brandon GignacDaniel TorgerssonSaku Maenalanen1224037%21:32
2Jeffrey VielAxel Jonsson-FjallbyCole Perfetti1223030%17:37
3Jeff MalottDavid GustafssonDominic Toninato1222025%14:41
4Cole PerfettiDominic ToninatoSaku Maenalanen122107%3:57
5 vs 5 Defense
Line #DefenseDefensePHYDFOFWanted %Time %Time Play
1Lawrence PilutTyrel Bauer1224037%21:26
2Ville HeinolaSimon Lundmark1223032%18:16
3Declan ChisholmArtemi Kniazev1222024%13:38
4Lawrence PilutVille Heinola122108%4:27
Power Play Forward
Line #Left WingCenterRight WingPHYDFOFWanted %Time %Time Play
1Dominic ToninatoCole PerfettiSaku Maenalanen12260100%0:14
2Jeffrey VielAxel Jonsson-FjallbyDavid Gustafsson122400%0:00
Power Play Defense
Line #DefenseDefensePHYDFOFWanted %Time %Time Play
1Lawrence PilutDeclan Chisholm122600%0:00
2Ville HeinolaSimon Lundmark12240100%0:14
Penalty Kill 4 Players Forward
Line #CenterWingPHYDFOFWanted %Time %Time Play
1Saku MaenalanenCole Perfetti1226075%1:29
2Dominic ToninatoJeffrey Viel1224025%0:30
Penalty Kill 4 Players Defense
Line #DefenseDefensePHYDFOFWanted %Time %Time Play
1Lawrence PilutDeclan Chisholm1226060%1:11
2Ville HeinolaSimon Lundmark1224040%0:48
Penalty Kill 3 Players
Line #WingPHYDFOFWanted %Time %Time PlayDefenseDefensePHYDFOFWanted %Time %Time Play
1Jeffrey Viel122600%0:00 Lawrence PilutDeclan Chisholm122600%0:00
2Saku Maenalanen122400%0:00 Ville HeinolaSimon Lundmark122400%0:00
4 vs 4 Forward
Line #CenterWingPHYDFOFWanted %Time %Time Play
1Cole PerfettiSaku Maenalanen122600%0:00
2Dominic ToninatoJeffrey Viel122400%0:00
4 vs 4 Defense
Line #DefensePHYDFOFWanted %Time %Time Play
1Lawrence PilutArtemi Kniazev122600%0:00
2Ville HeinolaSimon Lundmark122400%0:00
Last Minutes Offensive
Left WingCenterRight WingDefenseDefense
Axel Jonsson-FjallbyCole PerfettiSaku MaenalanenLawrence PilutVille Heinola
Last Minutes Defensive
Left WingCenterRight WingDefenseDefense
Axel Jonsson-FjallbyCole PerfettiSaku MaenalanenLawrence PilutVille Heinola
Time
Total ForwardTotal DefenseLast Minutes OffensiveLast Minutes Defensive
60:00 60:00 0:000:00
Extra Forwards
Normal PowerPlayPenalty Kill
Saku Maenalanen, Dominic Toninato, Jeffrey VielJeffrey Viel, Dominic ToninatoSaku Maenalanen
Extra Defensemen
Normal PowerPlayPenalty Kill
Simon Lundmark, Declan Chisholm, Artemi KniazevSimon Lundmark, Simon LundmarkDeclan Chisholm
Penalty Shots
Saku Maenalanen, Jeffrey Viel, Cole Perfetti, Dominic Toninato, Axel Jonsson-Fjallby
Goalie
Collin Delia, Olle Eriksson-Ek
Custom OT Lines Forwards
Saku Maenalanen, Daniel Torgersson, Brandon Gignac, Axel Jonsson-Fjallby, David Gustafsson, Dominic Toninato, Jeffrey Viel, Jeff Malott, Cole Perfetti, Henri Nikkanen
Custom OT Lines Defensemen
Lawrence Pilut, Artemi Kniazev, Ville Heinola, Simon Lundmark, Declan Chisholm
Scratches
Sam Anas (Healthy), Wyatt Bongiovanni (Healthy), Parker Ford (Healthy), Brad Lambert (Healthy), Chaz Lucius (Healthy) Kristian Reichel (Bruised Left Arm Injury), Ashton Sautner (Healthy), Oskari Salminen (Healthy)


Play-by-Play

1st period


0:01 of 1st period - Saku Maenalanen wins face-off versus Wyatt Johnston in neutral zone.
0:18 of 1st period - Brandon Gignac is hit by Artem Grushnikov and loses puck.
1:36 of 1st period - Joel Hanley is hit by Jeffrey Viel.
2:14 of 1st period - Oskar Back is hit by Saku Maenalanen and loses puck.
5:46 of 1st period - Riley Damiani is hit by Cole Perfetti and loses puck.
9:27 of 1st period - Wyatt Johnston is hit by Jeffrey Viel and loses puck.
9:41 of 1st period - Icing by Jeff Malott.
9:42 of 1st period - Fredrik Karlstrom wins face-off versus Daniel Torgersson in Manitoba Moose zone.
12:27 of 1st period - Icing by Aaron Ness.
12:28 of 1st period - David Gustafsson wins face-off versus Fredrik Karlstrom in Texas Stars zone.
14:06 of 1st period - Fredrik Karlstrom is hit by Tyrel Bauer and loses puck.
14:39 of 1st period - Dominic Toninato is hit by Alex Galchenyuk and loses puck.
19:26 of 1st period - Mavrik Bourque is hit by Daniel Torgersson and loses puck.
Goals for this period are 0 for Texas Stars vs 0 for Manitoba Moose.
Shots for this period are 0 for Texas Stars vs 0 for Manitoba Moose.

2nd period


0:01 of 2nd period - Daniel Torgersson wins face-off versus Wyatt Johnston in neutral zone.
0:52 of 2nd period - Snap shot by Fredrik Karlstrom.
0:52 of 2nd period - Stopped by Collin Delia without a rebound.
0:53 of 2nd period - Wyatt Johnston wins face-off versus Saku Maenalanen in Manitoba Moose zone.
1:03 of 2nd period - Off-side.
1:04 of 2nd period - Daniel Torgersson wins face-off versus Wyatt Johnston in neutral zone.
1:36 of 2nd period - Slapshot by Ville Heinola.
1:36 of 2nd period - Shot Misses the Net.
2:02 of 2nd period - Off-side.
2:03 of 2nd period - Wyatt Johnston wins face-off versus Daniel Torgersson in neutral zone.
3:18 of 2nd period - Ville Heinola is hit by Mavrik Bourque and loses puck.
4:22 of 2nd period - Josiah Didier is hit by Jeffrey Viel and loses puck.
4:37 of 2nd period - Mavrik Bourque is hit by David Gustafsson and loses puck.
4:54 of 2nd period - Simon Lundmark is hit by Aaron Ness and loses puck.
7:03 of 2nd period - Alex Galchenyuk is hit by Tyrel Bauer.
7:10 of 2nd period - Icing by Joel Hanley.
7:11 of 2nd period - Oskar Back wins face-off versus Axel Jonsson-Fjallby in Texas Stars zone.
7:29 of 2nd period - Artemi Kniazev is hit by Alex Peters.
7:33 of 2nd period - David Gustafsson is hit by Alex Galchenyuk and loses puck.
7:44 of 2nd period - Oskar Back is hit by Brandon Gignac and loses puck.
10:06 of 2nd period - Scott Reedy is hit by Tyrel Bauer and loses puck.
10:25 of 2nd period - Jeff Malott is hit by Oskar Back and loses puck.
12:07 of 2nd period - Icing by Axel Jonsson-Fjallby.
12:08 of 2nd period - Daniel Torgersson wins face-off versus Oskar Back in Manitoba Moose zone.
12:29 of 2nd period - Minor Penalty to Jeff Malott for Roughing.
12:30 of 2nd period - Saku Maenalanen wins face-off versus Riley Damiani in Manitoba Moose zone.
12:37 of 2nd period - Snap shot by Wyatt Johnston.
12:37 of 2nd period - Shot Blocked by Declan Chisholm.
13:13 of 2nd period - Wrist shot by Fredrik Karlstrom.
13:13 of 2nd period - Stopped by Collin Delia with a rebound.
14:25 of 2nd period - Dominic Toninato is hit by Wyatt Johnston and loses puck.
14:29 of 2nd period - Penalty to Jeff Malott is over, Jeff Malott is back on ice.
16:12 of 2nd period - Wyatt Johnston is hit by Jeffrey Viel and loses puck.
18:01 of 2nd period - Icing by Fredrik Karlstrom.
18:02 of 2nd period - Fredrik Karlstrom wins face-off versus Daniel Torgersson in Texas Stars zone.
19:02 of 2nd period - Minor Penalty to Scott Reedy for Cross-checking.
19:03 of 2nd period - Wyatt Johnston wins face-off versus Cole Perfetti in Texas Stars zone.
19:14 of 2nd period - Wrist shot by Cole Perfetti.
19:14 of 2nd period - Shot Blocked by Alex Galchenyuk.
19:16 of 2nd period - Slapshot by Saku Maenalanen.
19:16 of 2nd period - Goal by Saku Maenalanen - Texas Stars : 0 - Manitoba Moose : 1.
19:17 of 2nd period - Daniel Torgersson wins face-off versus Wyatt Johnston in neutral zone.
19:30 of 2nd period - Snap shot by Mavrik Bourque.
19:30 of 2nd period - Stopped by Collin Delia without a rebound.
19:31 of 2nd period - Dominic Toninato wins face-off versus Oskar Back in Manitoba Moose zone.
19:37 of 2nd period - Off-side.
19:38 of 2nd period - Dominic Toninato wins face-off versus Oskar Back in neutral zone.
Goals for this period are 0 for Texas Stars vs 1 for Manitoba Moose.
Shots for this period are 3 for Texas Stars vs 1 for Manitoba Moose.

3rd period


0:01 of 3rd period - Wyatt Johnston wins face-off versus Daniel Torgersson in neutral zone.
0:08 of 3rd period - Snap shot by Wyatt Johnston.
0:08 of 3rd period - Shot Blocked by Brandon Gignac.
0:14 of 3rd period - Riley Damiani is hit by Tyrel Bauer.
0:41 of 3rd period - Slapshot by Fredrik Karlstrom.
0:41 of 3rd period - Stopped by Collin Delia without a rebound.
0:42 of 3rd period - Alex Galchenyuk wins face-off versus Axel Jonsson-Fjallby in Manitoba Moose zone.
0:43 of 3rd period - Slapshot by Scott Reedy.
0:43 of 3rd period - Deflect By Ville Heinola.
0:43 of 3rd period - Shot Misses the Net.
0:43 of 3rd period - Puck is out of play.
0:44 of 3rd period - Axel Jonsson-Fjallby wins face-off versus Alex Galchenyuk in Manitoba Moose zone.
1:16 of 3rd period - Slapshot by Lawrence Pilut.
1:16 of 3rd period - Shot Blocked by Artem Grushnikov.
1:20 of 3rd period - Slapshot by Cole Perfetti.
1:20 of 3rd period - Shot Misses the Net.
1:22 of 3rd period - Wrist shot by Lawrence Pilut.
1:22 of 3rd period - Deflect By Axel Jonsson-Fjallby.
1:22 of 3rd period - Stopped by Aaron Dell without a rebound.
1:23 of 3rd period - Daniel Torgersson wins face-off versus Wyatt Johnston in Texas Stars zone.
1:48 of 3rd period - Josiah Slavin is hit by Jeff Malott and loses puck.
1:53 of 3rd period - Wrist shot by David Gustafsson.
1:53 of 3rd period - Stopped by Aaron Dell with a rebound.
2:11 of 3rd period - Wrist shot by Axel Jonsson-Fjallby.
2:11 of 3rd period - Shot Misses the Net.
2:13 of 3rd period - Slapshot by Artemi Kniazev.
2:13 of 3rd period - Shot Misses the Net.
2:52 of 3rd period - Wrist shot by Oskar Back.
2:52 of 3rd period - Stopped by Collin Delia without a rebound.
2:53 of 3rd period - Jeffrey Viel wins face-off versus Fredrik Karlstrom in Manitoba Moose zone.
3:38 of 3rd period - David Gustafsson is hit by Alex Galchenyuk and loses puck.
3:57 of 3rd period - Lawrence Pilut is hit by Joel Hanley and loses puck.
4:12 of 3rd period - Wrist shot by David Gustafsson.
4:12 of 3rd period - Deflect By Jeff Malott.
4:12 of 3rd period - Shot Blocked by Oskar Back.
4:12 of 3rd period - Puck is out of play.
4:13 of 3rd period - Wyatt Johnston wins face-off versus Daniel Torgersson in Texas Stars zone.
4:46 of 3rd period - Snap shot by Cole Perfetti.
4:46 of 3rd period - Shot Misses the Net.
4:48 of 3rd period - Wrist shot by Jeffrey Viel.
4:48 of 3rd period - Goal by Jeffrey Viel - Texas Stars : 0 - Manitoba Moose : 2.
4:49 of 3rd period - Riley Damiani wins face-off versus Daniel Torgersson in neutral zone.
4:51 of 3rd period - Off-side.
4:52 of 3rd period - Wyatt Johnston wins face-off versus Daniel Torgersson in neutral zone.
5:05 of 3rd period - Slapshot by Mavrik Bourque.
5:05 of 3rd period - Shot Blocked by Ville Heinola.
5:07 of 3rd period - Slapshot by Jerad Rosburg.
5:07 of 3rd period - Stopped by Collin Delia without a rebound.
5:08 of 3rd period - Oskar Back wins face-off versus Dominic Toninato in Manitoba Moose zone.
5:11 of 3rd period - Snap shot by Wyatt Johnston.
5:11 of 3rd period - Stopped by Collin Delia without a rebound.
5:12 of 3rd period - Dominic Toninato wins face-off versus Oskar Back in Manitoba Moose zone.
5:28 of 3rd period - Wrist shot by Cole Perfetti.
5:28 of 3rd period - Deflect By Saku Maenalanen.
5:28 of 3rd period - Goal by Saku Maenalanen - Texas Stars : 0 - Manitoba Moose : 3.
5:29 of 3rd period - Daniel Torgersson wins face-off versus Wyatt Johnston in neutral zone.
5:40 of 3rd period - Snap shot by Saku Maenalanen.
5:40 of 3rd period - Goal by Saku Maenalanen - Texas Stars : 0 - Manitoba Moose : 4.
5:40 of 3rd period - Matt 98 Murray enters game.
5:41 of 3rd period - Wyatt Johnston wins face-off versus Daniel Torgersson in neutral zone.
5:44 of 3rd period - Snap shot by Wyatt Johnston.
5:44 of 3rd period - Stopped by Collin Delia with a rebound.
5:46 of 3rd period - Snap shot by Mavrik Bourque.
5:46 of 3rd period - Goal by Mavrik Bourque - Texas Stars : 1 - Manitoba Moose : 4.
5:47 of 3rd period - Wyatt Johnston wins face-off versus Daniel Torgersson in neutral zone.
6:09 of 3rd period - Icing by Wyatt Johnston.
6:10 of 3rd period - Alex Galchenyuk wins face-off versus Axel Jonsson-Fjallby in Texas Stars zone.
6:37 of 3rd period - Slapshot by Wyatt Johnston.
6:37 of 3rd period - Stopped by Collin Delia without a rebound.
6:38 of 3rd period - Wyatt Johnston wins face-off versus Daniel Torgersson in Manitoba Moose zone.
7:03 of 3rd period - Backhand shot by Axel Jonsson-Fjallby.
7:03 of 3rd period - Stopped by Matt 98 Murray without a rebound.
7:04 of 3rd period - Axel Jonsson-Fjallby wins face-off versus Antonio Stranges in Texas Stars zone.
7:07 of 3rd period - Snap shot by Jeffrey Viel.
7:07 of 3rd period - Shot Blocked by Jerad Rosburg.
7:09 of 3rd period - Snap shot by Axel Jonsson-Fjallby.
7:09 of 3rd period - Stopped by Matt 98 Murray with a rebound.
7:11 of 3rd period - Slapshot by Cole Perfetti.
7:11 of 3rd period - Goal by Cole Perfetti - Texas Stars : 1 - Manitoba Moose : 5.
7:12 of 3rd period - Mavrik Bourque wins face-off versus Dominic Toninato in neutral zone.
7:21 of 3rd period - Slapshot by Ville Heinola.
7:21 of 3rd period - Stopped by Matt 98 Murray without a rebound.
7:22 of 3rd period - Wyatt Johnston wins face-off versus Dominic Toninato in Texas Stars zone.
7:27 of 3rd period - Wrist shot by Wyatt Johnston.
7:27 of 3rd period - Shot Misses the Net.
7:39 of 3rd period - Slapshot by Wyatt Johnston.
7:39 of 3rd period - Stopped by Collin Delia without a rebound.
7:40 of 3rd period - Alex Galchenyuk wins face-off versus Saku Maenalanen in Manitoba Moose zone.
7:46 of 3rd period - Off-side.
7:47 of 3rd period - Alex Galchenyuk wins face-off versus Daniel Torgersson in neutral zone.
7:50 of 3rd period - Slapshot by Joel Hanley.
7:50 of 3rd period - Stopped by Collin Delia with a rebound.
7:52 of 3rd period - Slapshot by Jerad Rosburg.
7:52 of 3rd period - Shot Blocked by Lawrence Pilut.
7:54 of 3rd period - Wrist shot by Josiah Slavin.
7:54 of 3rd period - Stopped by Collin Delia without a rebound.
7:55 of 3rd period - Wyatt Johnston wins face-off versus Daniel Torgersson in Manitoba Moose zone.
7:56 of 3rd period - Snap shot by Mavrik Bourque.
7:56 of 3rd period - Shot Misses the Net.
7:59 of 3rd period - Icing by Tyrel Bauer.
8:00 of 3rd period - Wyatt Johnston wins face-off versus Daniel Torgersson in Manitoba Moose zone.
8:01 of 3rd period - Backhand shot by Mavrik Bourque.
8:01 of 3rd period - Stopped by Collin Delia without a rebound.
8:02 of 3rd period - Wyatt Johnston wins face-off versus Daniel Torgersson in Manitoba Moose zone.
8:11 of 3rd period - Slapshot by Wyatt Johnston.
8:11 of 3rd period - Goal by Wyatt Johnston - Texas Stars : 2 - Manitoba Moose : 5.
8:12 of 3rd period - Wyatt Johnston wins face-off versus Daniel Torgersson in neutral zone.
8:21 of 3rd period - Snap shot by Saku Maenalanen.
8:21 of 3rd period - Goal by Saku Maenalanen - Texas Stars : 2 - Manitoba Moose : 6.
8:22 of 3rd period - Dominic Toninato wins face-off versus Oskar Back in neutral zone.
8:31 of 3rd period - Snap shot by Dominic Toninato.
8:31 of 3rd period - Shot Blocked by Jerad Rosburg.
8:33 of 3rd period - Snap shot by Dominic Toninato.
8:33 of 3rd period - Deflect By Cole Perfetti.
8:33 of 3rd period - Stopped by Matt 98 Murray with a rebound.
8:35 of 3rd period - Slapshot by Ville Heinola.
8:35 of 3rd period - Stopped by Matt 98 Murray without a rebound.
8:36 of 3rd period - Wyatt Johnston wins face-off versus Daniel Torgersson in Texas Stars zone.
8:36 of 3rd period - Wyatt Johnston is hit by Lawrence Pilut.
8:50 of 3rd period - Backhand shot by Lawrence Pilut.
8:50 of 3rd period - Stopped by Matt 98 Murray without a rebound.
8:51 of 3rd period - Dominic Toninato wins face-off versus Oskar Back in Texas Stars zone.
9:02 of 3rd period - Slapshot by Saku Maenalanen.
9:02 of 3rd period - Stopped by Matt 98 Murray with a rebound.
9:56 of 3rd period - Dominic Toninato is hit by Oskar Back and loses puck.
10:12 of 3rd period - Daniel Torgersson is hit by Joel Hanley and loses puck.
10:34 of 3rd period - Icing by Daniel Torgersson.
10:35 of 3rd period - Fredrik Karlstrom wins face-off versus Daniel Torgersson in Manitoba Moose zone.
10:36 of 3rd period - Slapshot by Antonio Stranges.
10:36 of 3rd period - Shot Misses the Net.
11:49 of 3rd period - Lawrence Pilut is hit by Jerad Rosburg and loses puck.
12:02 of 3rd period - Slapshot by Joel Hanley.
12:02 of 3rd period - Deflect By Oskar Back.
12:02 of 3rd period - Shot Blocked by Jeffrey Viel.
12:02 of 3rd period - Puck is out of play.
12:03 of 3rd period - Fredrik Karlstrom wins face-off versus Jeffrey Viel in Manitoba Moose zone.
12:28 of 3rd period - Declan Chisholm is hit by Riley Damiani.
12:42 of 3rd period - Wrist shot by Alex Galchenyuk.
12:42 of 3rd period - Stopped by Collin Delia without a rebound.
12:43 of 3rd period - Axel Jonsson-Fjallby wins face-off versus Alex Galchenyuk in Manitoba Moose zone.
12:50 of 3rd period - Josiah Slavin is hit by Jeffrey Viel and loses puck.
12:58 of 3rd period - Off-side.
12:59 of 3rd period - Wyatt Johnston wins face-off versus Daniel Torgersson in neutral zone.
13:28 of 3rd period - Icing by Josiah Slavin.
13:29 of 3rd period - Alex Galchenyuk wins face-off versus Axel Jonsson-Fjallby in Texas Stars zone.
13:44 of 3rd period - Scott Reedy is hit by Cole Perfetti and loses puck.
14:00 of 3rd period - Wrist shot by Josiah Slavin.
14:00 of 3rd period - Shot Misses the Net.
14:20 of 3rd period - Slapshot by Brandon Gignac.
14:20 of 3rd period - Shot Misses the Net.
14:22 of 3rd period - Wrist shot by Brandon Gignac.
14:22 of 3rd period - Shot Misses the Net.
14:24 of 3rd period - Snap shot by Saku Maenalanen.
14:24 of 3rd period - Deflect By Alex Peters.
14:24 of 3rd period - Stopped by Matt 98 Murray with a rebound.
14:28 of 3rd period - Slapshot by Saku Maenalanen.
14:28 of 3rd period - Shot Blocked by Josiah Didier.
14:38 of 3rd period - Alex Peters is hit by Jeffrey Viel and loses puck.
14:49 of 3rd period - Simon Lundmark is hit by Alex Peters and loses puck.
15:10 of 3rd period - Josiah Didier is hit by Tyrel Bauer and loses puck.
15:21 of 3rd period - Snap shot by Saku Maenalanen.
15:21 of 3rd period - Stopped by Matt 98 Murray without a rebound.
15:22 of 3rd period - Fredrik Karlstrom wins face-off versus Daniel Torgersson in Texas Stars zone.
15:24 of 3rd period - Icing by Antonio Stranges.
15:25 of 3rd period - Fredrik Karlstrom wins face-off versus Daniel Torgersson in Texas Stars zone.
15:46 of 3rd period - Wrist shot by Saku Maenalanen.
15:46 of 3rd period - Stopped by Matt 98 Murray without a rebound.
15:47 of 3rd period - Wyatt Johnston wins face-off versus Axel Jonsson-Fjallby in Texas Stars zone.
15:49 of 3rd period - Mavrik Bourque beats up Tyrel Bauer.
15:49 of 3rd period - Penalty to Tyrel Bauer for Fighting.
15:49 of 3rd period - Penalty to Mavrik Bourque for Fighting.
15:50 of 3rd period - Dominic Toninato wins face-off versus Wyatt Johnston in neutral zone.
15:53 of 3rd period - Slapshot by Ville Heinola.
15:53 of 3rd period - Stopped by Matt 98 Murray without a rebound.
15:54 of 3rd period - Wyatt Johnston wins face-off versus Dominic Toninato in Texas Stars zone.
15:54 of 3rd period - Wyatt Johnston is hit by Ville Heinola.
16:05 of 3rd period - Snap shot by Riley Damiani.
16:05 of 3rd period - Stopped by Collin Delia with a rebound.
16:07 of 3rd period - Wrist shot by Wyatt Johnston.
16:07 of 3rd period - Shot Misses the Net.
16:09 of 3rd period - Wrist shot by Riley Damiani.
16:09 of 3rd period - Stopped by Collin Delia without a rebound.
16:10 of 3rd period - Oskar Back wins face-off versus Daniel Torgersson in Manitoba Moose zone.
16:11 of 3rd period - Slapshot by Wyatt Johnston.
16:11 of 3rd period - Stopped by Collin Delia with a rebound.
16:35 of 3rd period - Axel Jonsson-Fjallby is hit by Riley Damiani and loses puck.
17:04 of 3rd period - Josiah Didier is hit by Jeff Malott and loses puck.
18:25 of 3rd period - Artem Grushnikov is hit by Cole Perfetti and loses puck.
18:56 of 3rd period - Dominic Toninato is hit by Antonio Stranges and loses puck.
Goals for this period are 2 for Texas Stars vs 5 for Manitoba Moose.
Shots for this period are 16 for Texas Stars vs 18 for Manitoba Moose.